 Dungeon Crawl Stone Soup version 0.23-a0-29-g1be82e5 (webtiles) character file.

44 Gruud the Grave Robber (level 3, 0/24 HPs)
             Began as a Demonspawn Necromancer on Aug 3, 2018.
             Slain by an orc wizard
             ... wielding a +0 dagger
              (3 damage)
             ... on level 3 of the Dungeon.
             The game lasted 00:09:17 (1426 turns).

Gruud the Grave Robber (Demonspawn Necromancer)     Turns: 1426, Time: 00:09:17

Health: 0/24       AC:  4    Str:  8    XL:     3   Next: 41%
Magic:  6/6        EV: 13    Int: 16    God:
Gold:   69         SH:  3    Dex: 14    Spells: 1/6 levels left

rFire    . . .     SeeInvis .   f - +0 whip
rCold    . . .     Gourm    .   m - +0 buckler
rNeg     . . .     Faith    .   a - +0 robe
rPois    .         Spirit   .   (no helmet)
rElec    .         Reflect  .   k - +0 cloak (curse)
rCorr    .         Harm     .   (no gloves)
MR       .....                  b - +0 pair of boots
Stlth    ++........             (no amulet)
HPRegen  0.08/turn              l - ring of flight
MPRegen  0.10/turn              (no ring)

@: no status effects
A: repulsion field 1, powered by death 1
a: Evoke Flight


You were on level 3 of the Dungeon.
You were not hungry.

You visited 1 branch of the dungeon, and saw 3 of its levels.

You collected 69 gold pieces.

Inventory:

Hand Weapons
 f - a +0 whip (weapon)
 n - a +0 mace
Armour
 a - a +0 robe (worn)
 b - a +0 pair of boots (worn)
 k - a cursed +0 cloak (worn)
 m - a +0 buckler (worn)
Jewellery
 l - a ring of flight (left hand)
Scrolls
 e - 2 scrolls of remove curse {unknown}
 j - 3 scrolls of identify {unknown}
Potions
 d - a potion of cancellation {unknown}
 g - a potion of curing {unknown}
 h - a potion of resistance {unknown}
 i - a potion of invisibility {unknown}
 o - a potion of magic {unknown}
Comestibles
 c - 3 rations
 p - 4 chunks of flesh


   Skills:
 - Level 1.7 Dodging
 - Level 1.7 Stealth
 - Level 2.0 Spellcasting
 * Level 5.8 Necromancy


You had one spell level left.
You knew the following spells:

 Your Spells              Type           Power        Failure   Level  Hunger
a - Pain                  Necr           ###.         3%          1    #......
b - Animate Skeleton      Necr           N/A          3%          1    #......
c - Vampiric Draining     Necr           ###.......   10%         3    ###....

Your spell library contained the following spells:

 Spells                   Type           Power        Failure   Level  Hunger
 Animate Dead             Necr           N/A          32%         4    #####..
 Regeneration             Chrm/Necr      ##........   32%         3    ###....


Dungeon Overview and Level Annotations

Branches:
Dungeon (3/15)

Altars:
The Shining One

Annotations:
D:2 Sigmund


Innate Abilities, Weirdness & Mutations

You are surrounded by a mild repulsion field. (EV +2)
You regenerate a little health from kills.


Message History

You kill the orc!
You hear some strange, mumbled words.
A puff of flame appears from out of thin air!
The puff of flame hits you!
You hear some strange, mumbled words.
A puff of frost appears from out of thin air!
The puff of frost hits you! Something hits you but does no damage.
The orc priest invokes the aid of Beogh against you.
Beogh smites you!
* * * LOW HITPOINT WARNING * * *
Things that are here:
a morningstar; a ball python skeleton Unknown command.
The orc priest casts a cantrip, but nothing happens.
Something hits you but does no damage.
There is a stone staircase leading up here.
Unknown command.
Something hits you.
You die...

#.# #.# #.# #.# #.#
#.# #.# #@# #)# #o#
##o##
###.###oo.####.#
..#............#
#.#####....#####
#.##........##
#.#####.##g###._...##


You could see an orc priest and 3 orcs.

Vanquished Creatures
  A dart slug (D:1)
  2 leopard geckos
  An orc (D:3)
  2 bats (D:1)
  2 giant cockroaches
  6 goblins (D:1)
  4 hobgoblins
  7 kobolds
  A ball python (D:3)
  11 rats
37 creatures vanquished.

Notes
Turn   | Place    | Note
-------+----------+-------------------------------------------
     0 | D:1      | Gruud the Demonspawn Necromancer began the quest for the Orb.
     0 | D:1      | Reached XP level 1. HP: 13/13 MP: 3/3
   165 | D:1      | Gained mutation: You regenerate a little health from kills. [demonic ancestry]
   165 | D:1      | Reached XP level 2. HP: 8/19 MP: 1/5
   185 | D:1      | Reached skill level 5 in Necromancy
   430 | D:1      | Learned a level 1 spell: Animate Skeleton
   660 | D:1      | Gained mutation: You are surrounded by a mild repulsion field. (EV +2) [demonic ancestry]
   660 | D:1      | Reached XP level 3. HP: 19/24 MP: 4/6
  1169 | D:2      | Learned a level 3 spell: Vampiric Draining
  1304 | D:2      | Noticed Sigmund
  1361 | D:3      | Found a glowing golden altar of the Shining One.
  1426 | D:3      | Slain by an orc wizard

Vault maps used:
D:1:      dpeg_arrival_ratfight
D:2:      overflow_temple_1_default, lemuel_coloured_pillars_altar,
          chequers_ecumenical_altar_simple, uniq_sigmund, uniq_jessica
D:3:      kennysheep_slug_shrine, overflow_temple_1_default,
          nicolae_overflow_crystal_walls

Skill      XL: |  1  2 |
---------------+-------+-----
Necromancy     | 5 |  5.8
Dodging        | |  1.7
Stealth        | |  1.7
Spellcasting   | |  2.0

Action                   || total
-------------------------++-------
Melee: Whip              ||    63
 Cast: Pain              ||    35
       Animate Skeleton  ||     3
 Stab: Sleeping          ||     2
  Eat: Chunk             ||     2
Armor: Robe              ||    15
Dodge: Dodged            ||    46
Block: Buckler           ||     8

Table legend:
 A = Spawn XP
 B = Non-spawn XP
 C = Spawn XP percentage of total XP
 D = Spawn monster count
 E = Non-spawn monster count
 F = Spawn count percentage of total count
 G = Total turns spent on level
                    A         B        C        D         E        F      G
               +---------+---------+-------+---------+---------+-------+---------
         Total |       0 |      64 |   0.0 |       0 |      37 |   0.0 |  1426
               +---------+---------+-------+---------+---------+-------+---------
           D:1 |       0 |      50 |   0.0 |       0 |      29 |   0.0 |  1081
           D:2 |       0 |       4 |   0.0 |       0 |       3 |   0.0 |   279
           D:3 |       0 |      10 |   0.0 |       0 |       5 |   0.0 |    66
               +---------+---------+-------+---------+---------+-------+---------
